 Dungeon Crawl Stone Soup version 0.31.0-12-g77e489cdc1 (webtiles) character file.

Game seed: 1632621476195971630

358 hawla the Ducker (level 6, -4/52 HPs)
             Began as a Minotaur Fighter on Feb 16, 2024.
             Killed by divine providence
             ... invoked by an orc priest
              (16 damage)
             ... on level 4 of the Dungeon.
             The game lasted 00:05:12 (3084 turns).

hawla the Ducker (Minotaur Fighter)                 Turns: 3084, Time: 00:05:13

Health: -4/52      AC: 11    Str: 23    XL:     6   Next: 37%
Magic:  5/5        EV:  9    Int:  5    God:
Gold:   1236       SH:  4    Dex:  9    Spells: 5/5 levels left

rFire   . . .        a - +0 war axe
rCold   . . .        c - +0 buckler
rNeg    . . .        n - +0 chain mail
rPois   .            (helmet restricted)
rElec   .            (no cloak)
rCorr   .            (no gloves)
SInv    .            e - +1 pair of boots
Will    +....        (no amulet) Stlth
                     m - ring of willpower
HPRegen 0.28/turn    (no ring)
MPRegen 0.09/turn

%: no passive effects
@: no status effects
A: horns 2, retaliatory headbutt
a: no special abilities


You were on level 4 of the Dungeon.
You visited 1 branch of the dungeon, and saw 4 of its levels.

You collected 1236 gold pieces.

Inventory:

Hand Weapons
 a - a +0 war axe (weapon)
Missiles
 h - a throwing net (quivered)
Armour
 c - a +0 buckler (worn)
 e - a +1 pair of boots (worn)
 n - a +0 chain mail (worn)
Jewellery
 m - a ring of willpower (left hand)
 p - the ring "Ushy" {Fire Int+6}
   (You found it on level 4 of the Dungeon)

   [ring of fire]

   Fire:      It enhances your fire magic.
   Int+6:     It affects your intelligence (+6).
   rF+:       It protects you from fire.
   rC-:       It makes you vulnerable to cold.
Wands
 b - a wand of flame (17)
 r - a wand of mindburst (6)
Scrolls
 j - a scroll of fog
 k - 2 scrolls of teleportation
 s - a scroll of enchant armour {unknown}
 t - a scroll of identify
Potions
 d - 2 potions of might
 f - a potion of brilliance
 g - a potion of ambrosia
 i - a potion of degeneration {unknown}
 l - a potion of mutation {unknown}
 o - a potion of heal wounds {unknown}
 q - a potion of curing {unknown}


   Skills:
 - Level 4.0 Fighting
 - Level 2.4 Axes
 - Level 3.6 Armour
 + Level 6.1 Dodging
 - Level 5.0 Shields


You had 5 spell levels left.
You didn't know any spells.
Your spell library was empty.

Dungeon Overview and Level Annotations

Branches:
Dungeon (4/15)
 Temple: D:4-7

Altars:

Shops:
D:1 :


Innate Abilities, Weirdness & Mutations

You have a pair of horns on your head.
You reflexively headbutt those who attack you in melee.


Message History

A puff of flame appears from out of thin air!
The puff of flame hits you.
You closely miss the orc priest. You miss something.
The orc priest hits you but does no damage.
Something hits you but does no damage.
Unknown command.
You completely miss the orc priest. You headbutt the orc priest!
The orc priest is almost dead.
You miss something. Something hits you but does no damage.
The orc priest invokes the aid of Beogh against you.
Beogh smites you! The orc priest barely misses you. You furiously retaliate!
You headbutt the orc priest.
You kill the orc priest!
Something hits you but does no damage.
Your Dodging skill increases to level 6!
You hit the orc priest.
The orc priest is lightly wounded.
You hit something.
Reactivating autopickup.
You feel a bit more experienced.
The orc priest hits you but does no damage.
Unknown command.
You hit the orc priest.
The orc priest is moderately wounded.
You miss something.
The orc priest hits you but does no damage.
Something hits you.
Deactivating autopickup; reactivate with Ctrl-A.
Unknown command.
You hit the orc priest.
The orc priest is moderately wounded.
You barely miss something. Something hits you.
* * * LOW HITPOINT WARNING * * *
The orc priest hits you with a +0 club.
* * * LOW HITPOINT WARNING * * *
You hear some strange, mumbled words.
Something tries to affect you, but you resist.
The orc priest invokes the aid of Beogh against you.
Beogh smites you!
You die...

.>.## .#
#.# ...#
#.# ####
#.# #.#
#.#########
#.........#
#.#######.#
#.# #.####
#@# #....#
......$o#
####.#
>.......#
#.#####
.########
#.....)
#######


You could see an orc priest.

Vanquished Creatures
  A black bear (D:4)
  A sleepcap (D:3)
  An orc priest (D:4)
  Jessica (D:2)
  2 orc wizards (D:4)
  Terence (D:2)
  2 adders
  5 dart slugs
  A ribbon worm (D:2)
  7 orcs (D:4)
  4 bats
  5 endoplasms
  4 giant cockroaches
  7 goblins
  11 hobgoblins
  A jackal (D:1)
  6 kobolds
  4 quokkas
  6 ball pythons
  4 frilled lizards
  4 rats
78 creatures vanquished.

Notes
Turn   | Place    | Note
-------+----------+-------------------------------------------
     0 | D:1      | hawla the Minotaur Fighter began the quest for the Orb.
     0 | D:1      | Reached XP level 1. HP: 19/19 MP: 0/0
    64 | D:1      | Reached XP level 2. HP: 19/27 MP: 1/1
   345 | D:1      | Found Nykladgh's Book Shoppe.
   348 | D:1      | Reached XP level 3. HP: 33/33 MP: 2/2
   687 | D:1      | Reached skill level 5 in Shields
  1004 | D:2      | Noticed Jessica
  1013 | D:2      | Killed Jessica
  1014 | D:2      | Reached skill level 2 in Dodging
  1014 | D:2      | Reached XP level 4. HP: 32/40 MP: 3/3
  1190 | D:2      | Noticed Terence
  1193 | D:2      | Killed Terence
  1194 | D:2      | Reached skill level 3 in Dodging
  1342 | D:2      | Found a faded altar of an unknown god.
  1642 | D:3      | Reached XP level 5. HP: 27/46 MP: 4/4
  1997 | D:3      | Reached skill level 4 in Dodging
  2534 | D:4      | Identified a scroll of acquirement
  2534 | D:4      | Acquired 1071 gold pieces
  2549 | D:4      | Noticed a black bear
  2558 | D:4      | Killed a black bear
  2559 | D:4      | Reached skill level 5 in Dodging
  2692 | D:4      | Identified the ring "Ushy" {Fire Int+6}
  2971 | D:4      | Reached XP level 6. HP: 52/52 MP: 5/5
  3082 | D:4      | Reached skill level 6 in Dodging
  3084 | D:4      | Killed from afar by an orc priest

Illustrated notes

Levels and vault maps discovered:
D:1:      hellmonk_arrival_library, layout_loops_ring, serial_shops, shop,
          dreamdust_princess_bridge, hangedman_decor_riveting,
          amcnicky_mini_rare_corridor_liquid, minmay_tiny_reverse_x
D:2:      layout_basic, chequers_ecumenical_altar_simple_redux, uniq_terence,
          uniq_jessica
D:3:      layout_basic, kennysheep_minor_cross,
          nicolae_concentric_dashed_squares_mild
D:4:      layout_loops_ring, palyth_stone_intersect, grunt_ministairs_12

Skill      XL: |  1  2  3  4  5  6 |
---------------+-------------------+-----
Fighting       | 4 |  4.0
Shields        | 4 5 |  5.0
Dodging        | 2 3 5 6 |  6.1
Axes           | |  2.4
Armour         | |  3.6

Action                     |  1- 3 |  4- 6 || total
---------------------------+-------+-------++-------
  Melee: War axe           |    54 |    89 ||   143
         Headbutt          |     7 |    11 ||    18
    Use: Scroll            |     2 |     6 ||     8
 Armour: Scale mail        |    50 |     7 ||    57
         Chain mail        |       |    69 ||    69
  Dodge: Dodged            |    35 |    35 ||    70
  Block: Buckler           |     9 |    14 ||    23
